 Dungeon Crawl Stone Soup version 0.30-a0-857-gcaf70739d4 (webtiles) character file.

Game seed: 17844560458661503400

261542 themarg the Convoker (level 19, -4/140 HPs)
             Began as a Merfolk Summoner on Mar 4, 2023.
             Was an Initiate of Gozag.
             Shot with an arrow by a deep elf master archer (26 damage)
             ... on level 3 of the Elven Halls on Mar 6, 2023.
             The game lasted 03:25:36 (50221 turns).

themarg the Convoker (Merfolk Summoner)            Turns: 50221, Time: 03:25:37

Health: -4/140     AC: 15    Str: 18    XL:     19   Next: 96%
Magic:  13/38      EV: 16    Int: 24    God:    Gozag
Gold:   2852       SH: 16    Dex: 14    Spells: 1/48 levels left

rFire   + . .      SeeInvis +    b - +7 rapier of Fuch {drain, rElec rN+}
rCold   + . .      Faith    .    L - +3 kite shield of Snakes and Ladders {Int+3}
rNeg    + + .      Spirit   .    f - +1 robe {rC+ rF+}
rPois   +          Reflect  .    q - +2 helmet
rElec   +          Rampage  .    j - +2 cloak
rCorr   .                        G - +2 pair of gloves
Will    ++...                    N - +2 pair of boots
Stlth   ++                       y - amulet "Syvaefoc" {Contam rN+ Will+ Regen+ Str+3}
HPRegen 1.23/turn                w - ring of see invisible
MPRegen 0.26/turn                A - ring of Lan Zua {Wiz rPois Str+5}

@: forested, very slightly contaminated
A: (nimble swimmer 2), mertail
}: 2/15 runes: decaying, serpentine
a: Renounce Religion, Potion Petition, Call Merchant, Bribe Branch


You were on level 3 of the Elven Halls.
You worshipped Gozag.
Gozag was most pleased with you.
You visited 6 branches of the dungeon, and saw 33 of its levels.
You also visited: Sewer and Gauntlet.

You collected 14080 gold pieces.
You spent 5433 gold pieces at shops.
You paid 5795 gold pieces to Gozag.

Inventory:

Hand Weapons
 a - a +0 trident
 b - the +7 rapier of Fuch (weapon) {drain, rElec rN+}
   (You found it in a Gauntlet)

   rElec:     It insulates you from electricity.
   rN:        It protects you from negative energy.
Missiles
 e - 38 poisoned darts
 n - 3 throwing nets
 J - 4 curare-tipped darts (quivered)
Armour
 f - a +1 robe of resistance (worn)
 j - a +2 cloak (worn)
 q - a +2 helmet (worn)
 G - a +2 pair of gloves (worn)
 L - the +3 kite shield of Snakes and Ladders (worn) {Int+3}
   (You took it off a minotaur in a Gauntlet)

   Int:       It affects your intelligence (+3).
 N - a +2 pair of boots (worn)
Jewellery
 w - a ring of see invisible (left hand)
 x - a ring of protection from cold
 y - the amulet "Syvaefoc" (around neck) {Contam rN+ Will+ Regen+ Str+3}
   (You bought it in a shop on level 3 of the Snake Pit)

   [amulet of regeneration]

   Str:       It affects your strength (+3).
   rN:        It protects you from negative energy.
   Contam:    It causes magical contamination when unequipped.
   Regen:     It increases your rate of health regeneration.
   Will:      It increases your willpower.
 A - the ring of Lan Zua (right hand) {Wiz rPois Str+5}
   (You found it in a Gauntlet)

   [ring of wizardry]

   It improves your spell success rate.
   Str:       It affects your strength (+5).
   rPois:     It protects you from poison.
 E - a ring of magical power
 V - a +4 ring of protection
Wands
 c - a wand of mindburst (19)
 k - a wand of flame (60)
 o - a wand of iceblast (16)
 O - a wand of digging (10)
 P - a wand of quicksilver (11)
 S - a wand of polymorph (11)
 T - a wand of charming (9)
Scrolls
 d - 6 scrolls of vulnerability
 g - 22 scrolls of teleportation
 h - 9 scrolls of fog
 i - 10 scrolls of enchant weapon
 l - 8 scrolls of immolation
 r - 8 scrolls of fear
 u - 4 scrolls of brand weapon
 D - 8 scrolls of blinking
 I - 4 scrolls of poison
 M - 4 scrolls of summoning
 U - 2 scrolls of magic mapping
 W - 3 scrolls of amnesia
 X - a scroll of silence
Potions
 m - 3 potions of resistance
 p - 7 potions of heal wounds
 s - a potion of invisibility
 t - 6 potions of flight
 v - 9 potions of mutation
 z - 6 potions of magic
 B - 4 potions of might
 C - 3 potions of cancellation
 F - 6 potions of haste
 H - 7 potions of lignification
 K - 10 potions of attraction
 R - 10 potions of curing
 Z - a potion of brilliance
Miscellaneous
 Q - a box of beasts (inert)
 Y - a lightning rod (4/4)


   Skills:
 - Level 10.0 Fighting
 - Level 14.0 Polearms
 - Level 6.0 Throwing
 - Level 10.0 Dodging
 - Level 3.0 Stealth
 - Level 14.0 Shields
 - Level 15.0 Spellcasting
 - Level 5.0 Hexes
 + Level 16.4 Summonings
 - Level 12.0 Necromancy
 - Level 3.0 Translocations
 * Level 1.0 Transmutations
 - Level 5.0 Ice Magic
 - Level 3.0 Air Magic
 - Level 5.0 Earth Magic
 - Level 5.0 Evocations


You had one spell level left.
You knew the following spells:

 Your Spells              Type           Power      Damage    Failure   Level
a - Summon Small Mammal   Summ           100%       N/A       0%          1
b - Summon Forest         Summ/Tloc      29%        N/A       1%          5
c - Yara's Violent Unrav  Hex/Tmut       16%        3d8       19%         5
d - Haunt                 Necr/Summ      36%        N/A       6%          7
e - Summon Lightning Spi  Summ/Air       59%        N/A       1%          4
f - Summon Ice Beast      Ice/Summ       62%        N/A       1%          4
g - Summon Mana Viper     Hex/Summ       62%        N/A       1%          5
h - Monstrous Menagerie   Summ           38%        N/A       2%          7
i - Anguish               Hex/Necr       28%        N/A       1%          4
j - Borgnjor's Vile Clut  Necr/Erth      28%        N/A       1%          5

Your spell library contained the following spells:

 Spells                   Type           Power      Damage    Failure   Level
 Apportation              Tloc           64%        N/A       1%          1
 Sandblast                Erth           84%        2d18      1%          1
 Shock                    Conj/Air       100%       1d9       1%          1
 Slow                     Hex            100%       N/A       1%          1
 Call Imp                 Summ           77%        N/A       0%          2
 Call Canine Familiar     Summ           77%        N/A       0%          3
 Blink                    Tloc           64%        N/A       1%          2
 Lesser Beckoning         Tloc           64%        N/A       1%          2
 Momentum Strike          Conj/Tloc      50%        3d9       1%          2
 Passwall                 Tmut/Erth      26%        N/A       1%          2
 Static Discharge         Conj/Air       50%        2-5/arc   1%          2
 Frozen Ramparts          Ice            84%        1d13      1%          3
 Portal Projectile        Hex/Tloc       74%        N/A       1%          3
 Summon Guardian Golem    Hex/Summ       62%        N/A       1%          3
 Swiftness                Air            32%        N/A       1%          3
 Tukima's Dance           Hex            42%        N/A       1%          3
 Vhi's Electric Charge    Tloc/Air       64%        N/A       1%          3
 Dazzling Flash           Conj/Hex       60%        N/A       2%          3
 Stone Arrow              Conj/Erth      60%        3d10      2%          3
 Death Channel            Necr           33%        N/A       2%          6
 Summon Hydra             Summ           38%        N/A       2%          7
 Leda's Liquefaction      Hex/Erth       21%        N/A       3%          4
 Mephitic Cloud           Conj/Pois/Air  22%        N/A       4%          3
 Ignite Poison            Fire/Tmut/Pois 19%        N/A       6%          3
 Airstrike                Air            16%        2d(3-19)  7%          4
 Ice Form                 Ice/Tmut       32%        N/A       7%          4
 Passage of Golubria      Tloc           32%        N/A       7%          4
 Flame Wave               Conj/Fire      18%        2d7       22%         4
 Sticky Flame             Conj/Fire      18%        2d4       22%         4
 Arcjolt                  Conj/Air       12%        1d22      32%         5
 Lightning Bolt           Conj/Air       12%        1d26      32%         5
 Infestation              Necr           33%        N/A       69%         8
 Enfeeble                 Hex            21%        N/A       91%         7
 Dragon's Call            Summ           38%        N/A       93%         9
 Eringya's Noxious Bog    Tmut/Pois      10%        N/A       94%         6
 Orb of Destruction       Conj           9%         9d6       100%        7
 Ignition                 Fire           9%         3d5       100%        8
 Chain Lightning          Conj/Air       12%        3d16      100%        9
 Fire Storm               Conj/Fire      9%         8d2       100%        9
 Shatter                  Erth           21%        3d19*     100%        9
 Animate Dead             Necr           Unusable   N/A       N/A         4

Dungeon Overview and Level Annotations

Branches:
Dungeon (15/15)            Temple (0/1) D:7            Lair (5/5) D:9
  Swamp (4/4) Lair:2        Snake (4/4) Lair:3        Slime (0/5) Lair:4
    Orc (2/2) D:9             Elf (3/3) Orc:2        Vaults (0/5) D:13
  Sewer (visited)         Gauntlet (visited)
 Depths: D:15

Altars:
Ashenzari
Cheibriados
Dithmenos
Elyvilon
Fedhas
Gozag
Kikubaaqudgha
Makhleb
Ru
Sif Muna
Vehumet
Xom
Yredelemnul
Zin
The Shining One

Shops:
D:3 :*=(   D:7 *   D:10 !   D:13 :   Orc:2 [[==[   Elf:1 :   Elf:2 [?(
Snake:1 :*:?!   Snake:3 :==

Annotations:
D:15 Nessos
Swamp:1 1 runed translucent door, exclusion: door, Roxanne
Elf:2 3 runed translucent doors, exclusion: 3 doors
Elf:3 Zenata


Innate Abilities, Weirdness & Mutations

((You are very nimble when in or above water. (Stealth+, EV+, Speed+++)))
Your lower body shifts to a powerful aquatic tail in water.


Message History

The +4 heavy war axe is almost destroyed.
The unravelling engulfs the +4 vampiric battleaxe but does no damage.
Aiming: Yara's Violent Unravelling (dangerous; 19% risk of failure)
Press: ? - help, Dir - move target, f - +4 vampiric battleaxe
Aim: a +4 vampiric battleaxe (black smoke, summoned, fast)
The magic binding the +4 vampiric battleaxe to this plane unravels!
The +4 vampiric battleaxe disappears in a puff of smoke!
The enchantments explode!
The unravelling engulfs the +0 vampiric scimitar!
The +0 vampiric scimitar is heavily damaged.
The unravelling engulfs the +4 heavy war axe!
You destroy the +4 heavy war axe!
The +4 heavy war axe disappears in a puff of smoke!
Your surroundings suddenly seem different. 6 elves and an air elemental come into view.
You have identified the last magical staff.
Found forty-two items.
The deep elf blademaster shouts!
The deep elf master archer shouts!
The deep elf blademaster shouts!
The deep elf demonologist shouts!
The deep elf zephyrmancer shouts!
The deep elf master archer wields a +0 longbow.
The deep elf master archer shoots an arrow.
The arrow hits you.
The deep elf zephyrmancer gestures at you while chanting.
The bolt of lightning hits the air elemental.
The air elemental completely resists.
The bolt of lightning misses you.
The deep elf master archer shoots an arrow.
The arrow hits you!!
* * * LOW HITPOINT WARNING * * *
You hear a shout! x11
Blink to where?
Press: ? - help, Dir - move target A deep elf master archer comes into view.
As you read the scroll of blinking, it crumbles to dust.
The deep elf master archer shouts!
You hear a shout!
The deep elf master archer wields a +0 longbow.
The deep elf master archer shoots an arrow.
The arrow hits you!!
You die...
Your body crumbles into a pile of gold.

*,,,*,,,,**,,,*#)[?::[)#*,8,*
*,,,*,,,**,,,,##:eE:)=[#,,,,*
*,*,+,,*,,,..##..}::))##,,,,+
*,,,*,,,,,,###.8.##.###,,,,,*
*,*,*,,,,,##..ee#**##,,,,,8,*
*,,,*,,,,##....#*,,,,,,,*,,,*
******,,,+..⌠..#,,,,,,,*,,,**
**8*******#...#*,,,*,,*,,$,*,
***********#@#*,,,**,*,,,,**,
*****8*****#'#,,,**,,,,,,,*,,
*******8**#.e,,**,,,,,,,**,,
*******##...,*,,,,,,,**,,*
***###....,,,,,,***,,*,
*#8###....,,,***,,,**,
####**###'#***,,,,,*,,
####**,,,..,,,,,,,,,,,
***8*,*,,,*,*,,,,,,**


You could see 3 deep elf blademasters, a deep elf master archer and an air
elemental.

Vanquished Creatures
  Frances (Elf:1)
  A nagaraja (Snake:4)
  A deep elf sorcerer (Elf:1)
  A ghoul (Swamp:3)
  Aizul (Snake:3)
  The ghost of STHMFLV the Destroyer, a journeyman DsEE of Vehumet (Orc:2)
  A bunyip (Swamp:4)
  An eleionoma (Swamp:4)
  A deep elf annihilator (Elf:2)
  A hydra (Swamp:4)
  2 centaur warriors (D:13)
  A boulder beetle (D:11)
  2 alligators (Swamp:4)
  A death yak (Lair:5)
  A naga warrior (Snake:1)
  2 deep elf knights
  A death drake (Swamp:4)
  A spriggan druid (Swamp:3)
  2 bog bodies
  3 deep elf archers
  A naga ritualist (Snake:3)
  6 deep elf zephyrmancers
  A swamp dragon (Swamp:4)
  3 deep elf pyromancers (Elf:3)
  2 mana vipers
  2 orc sorcerers (Orc:2)
  A will-o-the-wisp (Swamp:2)
  A salamander (Snake:4)
  A guardian serpent (Snake:4)
  4 black mambas
  4 naga magi
  A water nymph (shapeshifter) (D:14)
  An unseen horror (D:10)
  A troll (D:10)
  A polar bear (Lair:2)
  A hornet (Swamp:4)
  A tyrant leech (Swamp:2)
  A wind drake (shapeshifter) (Elf:2)
  A blink frog (shapeshifter) (Elf:3)
  A water elemental (Elf:2)
  4 yaks
  A wyvern (Lair:5)
  2 nameless horrors
  5 vampire mosquitoes
  A steam dragon (D:10)
  A warg (Orc:1)
  2 swamp worms
  3 nagas
  A swamp drake (Swamp:4)
  4 water moccasins
  2 black bears
  An ogre (Orc:1)
  A centaur (D:11)
  3 wolves
  A bullfrog (Lair:2)
  A scorpion (D:5)
  A howler monkey (D:14)
  An orc priest (Orc:1)
  2 hounds
  2 sleepcaps
  Jessica (D:3)
  Natasha (D:3)
  An orc wizard (Orc:2)
  2 adders
  4 orcs
  A ball python (D:4)
  2 endoplasms (D:2)
  A giant cockroach (D:3)
  2 goblins (D:2)
  2 hobgoblins
  A jackal (D:3)
  5 kobolds
  2 quokkas
  3 bats (D:3)
  2 frilled lizards
  A rat (D:2)
131 creatures vanquished.

Vanquished Creatures (collateral kills)
  Mlioglotl (Swamp:1)
  4 thorn hunters
  Kirke (Swamp:3)
  Donald (Swamp:1)
  A fenstrider witch (Swamp:1)
  2 nagarajas (Snake:4)
  A deep elf sorcerer (Elf:3)
  2 ghouls (Swamp:3)
  An orc warlord (D:9)
  A deep elf demonologist (Elf:1)
  8 eleionomae
  A minotaur (Gauntlet)
  Azrael (Elf:1)
  2 dire elephants
  2 deep elf annihilators (Elf:3)
  3 bunyips
  Josephine (Lair:3)
  3 shambling mangroves
  A deep elf high priest (Elf:3)
  Erolcha (D:10)
  13 hydras
  2 salamander tyrants (Snake:4)
  A ghost crab (Swamp:4)
  2 catoblepae
  9 anacondas
  3 centaur warriors
  An ogre mage (Orc:2)
  15 dancing weapons
  8 two-headed ogres
  5 orc high priests
  11 alligators
  13 naga warriors
  3 death yaks
  2 tengu warriors (D:13)
  6 shock serpents
  Urug (D:11)
  10 naga sharpshooters
  3 deep elf knights
  2 skysharks
  Sonja (D:10)
  A fire crab (Lair:5)
  9 salamander mystics
  A spriggan druid (Swamp:1)
  4 goliath frogs
  12 swamp dragons
  A deep troll (shapeshifter) (D:13)
  4 bog bodies
  4 deep elf archers
  18 deep elf zephyrmancers
  7 naga ritualists
  A necromancer (Gauntlet)
  A lindwurm (Lair:5)
  7 orc knights
  2 ugly things
  8 manticores
  20 deep elf pyromancers
  2 orc sorcerers (Orc:2)
  3 cyclopes
  5 elephants
  7 mana vipers
  A worldbinder (Gauntlet)
  2 moths of wrath (Orc:2)
  19 salamanders
  Maurice (Orc:1)
  4 will-o-the-wisps
  2 guardian serpents (Snake:4)
  29 black mambas
  14 naga magi
  8 slime creatures
  7 cane toads
  A torpor snail (Lair:1)
  2 gargoyles
  5 orange demons (Elf:1)
  An unseen horror (D:11)
  A rime drake (Lair:5)
  3 kobold demonologists
  10 komodo dragons
  Psyche (D:12)
  2 tengu conjurers (D:13)
  2 efreet
  5 trolls
  A merfolk (shapeshifter) (Elf:1)
  13 hornets
  A meliai (shapeshifter) (D:13)
  Grinder (D:3)
  12 polar bears
  3 raiju (Lair:5)
  21 blink frogs
  7 tyrant leeches
  5 dream sheep
  2 air elementals
  A water elemental (Elf:3)
  7 spriggans
  Sigmund (D:6)
  7 wraiths
  A hog (shapeshifter) (D:13)
  3 wyverns
  51 yaks
  5 fire elementals
  3 basilisks
  2 vampires
  19 nameless horrors
  Grum (D:11)
  4 hogs (Swamp:3)
  2 steam dragons (D:9)
  18 vampire mosquitoes
  Menkaure (D:7)
  Edmund (D:6)
  16 wargs
  65 nagas
  11 swamp worms
  15 hell hounds
  Duvessa (D:6)
  19 water moccasins
  7 swamp drakes (Swamp:4)
  23 orc warriors
  An ice beast (D:7)
  A sky beast (D:8)
  15 black bears
  12 ogres
  3 boggarts (Gauntlet)
  7 centaurs
  26 wolves
  3 phantoms
  2 kobold brigands (D:13)
  12 bullfrogs
  A necrophage (Swamp:3)
  8 scorpions
  5 wights (D:9)
  4 killer bees (D:11)
  3 electric eels
  5 howler monkeys
  4 crimson imps (D:10)
  Crazy Yiuf (D:3)
  19 orc priests
  Terence (D:2)
  4 hounds
  2 jellies
  A sleepcap (D:5)
  Ijyb (D:3)
  3 iguanas
  20 orc wizards
  Natasha (D:3)
  3 gnolls (D:7)
  8 adders
  A white imp (D:7)
  An ufetubus (D:6)
  A worm (D:6)
  A dart slug (D:1)
  49 orcs
  3 ball pythons
  5 endoplasms
  3 giant cockroaches (D:3)
  2 goblins
  7 hobgoblins
  4 jackals
  4 quokkas
  4 bats
  2 frilled lizards (D:1)
  6 kobolds
  3 rats
  13 briar patches
1021 creatures vanquished.

Vanquished Creatures (others)
  A dire elephant (Lair:5)
  A hydra (Swamp:4)
  An anaconda (Snake:2)
  An alligator (Swamp:2)
  A death yak (Lair:1)
  A shock serpent (Snake:4)
  A naga sharpshooter (Snake:4)
  A salamander mystic (Snake:4)
  3 deep elf archers
  A deep elf zephyrmancer (Elf:2)
  A cyclops (D:14)
  A salamander (Snake:4)
  3 black mambas
  A naga mage (Snake:2)
  3 bloated husks
  A dream sheep (Lair:5)
  A spriggan (Swamp:2)
  A shadow (D:9)
  A steam dragon (D:6)
  2 wargs (Orc:2)
  A vampire mosquito (Swamp:1)
  2 water moccasins
  A swamp drake (Swamp:4)
  5 orc warriors
  A black bear (D:5)
  A centaur (D:5)
  A wolf (Gauntlet)
  2 kobold brigands
  A gnoll sergeant (D:5)
  Dowan (D:6)
  2 orc priests
  A gnoll bouda (D:5)
  A gnoll (D:7)
  2 orcs (D:7)
  A kobold (D:5)
  8 foxfires
  90 fungi
  89 plants
  4 snaplasher vines
241 creatures vanquished.

Grand Total: 1393 creatures vanquished

Notes
Turn   | Place    | Note
-------+----------+-------------------------------------------
     0 | D:1      | themarg the Merfolk Summoner began the quest for the Orb.
     0 | D:1      | Reached XP level 1. HP: 13/13 MP: 3/3
   329 | D:1      | Reached XP level 2. HP: 19/19 MP: 1/5
   332 | D:1      | Learned a level 2 spell: Call Imp
   933 | D:1      | Reached XP level 3. HP: 24/24 MP: 3/6
   941 | D:1      | Learned a level 3 spell: Call Canine Familiar
  1384 | D:2      | Noticed Terence
  1401 | D:2      | Killed Terence
  1402 | D:2      | Reached skill level 5 in Summonings
  1402 | D:2      | Reached XP level 4. HP: 16/30 MP: 1/7
  1875 | D:3      | Found Goum's Assorted Antiques.
  1885 | D:3      | Noticed Jessica
  1896 | D:3      | Killed Jessica
  1922 | D:3      | Reached XP level 5. HP: 35/35 MP: 4/8
  1959 | D:3      | Found Yrheheo's Antique Weapon Emporium.
  1971 | D:3      | Reached skill level 6 in Summonings
  1992 | D:3      | Found a glowing drain.
  2003 | D:3      | Noticed Ijyb
  2004 | D:3      | Noticed Grinder
  2007 | Sewer    | Entered a sewer
  2124 | Sewer    | Noticed a water moccasin
  2133 | Sewer    | Killed a water moccasin
  2134 | Sewer    | Reached XP level 6. HP: 27/41 MP: 2/9
  2359 | D:3      | Found Cenwetua's Book Emporium.
  2507 | D:3      | Killed Ijyb
  2508 | D:3      | Reached skill level 7 in Summonings
  2523 | D:3      | Found a faded altar of an unknown god.
  2529 | D:3      | Paralysed by Grinder for 2 turns
  2549 | D:3      | Killed Grinder
  2550 | D:3      | Reached XP level 7. HP: 33/46 MP: 6/10
  2599 | D:3      | Bought a scroll of identify for 50 gold pieces
  2672 | D:3      | Noticed Natasha
  2679 | D:3      | Killed Natasha
  3105 | D:3      | Found Uniloamm's Jewellery Emporium.
  3132 | D:3      | Found a runed translucent door.
  3133 | D:3      | Noticed Crazy Yiuf
  3179 | D:3      | Killed Crazy Yiuf
  3339 | D:4      | Learned a level 3 spell: Summon Guardian Golem
  3594 | D:4      | Reached skill level 1 in Air Magic
  3600 | D:4      | Reached skill level 8 in Summonings
  3862 | D:4      | Reached XP level 8. HP: 16/52 MP: 1/11
  4262 | D:5      | Entered Level 5 of the Dungeon
  4381 | D:5      | Identified the +0 sling "Taxosim" {flame, rF+ rC- Dex+5
                  | Stlth+}
  4553 | D:5      | Found a burning altar of Makhleb.
  4560 | D:5      | Found a basalt altar of Yredelemnul.
  4662 | D:5      | Found a broken altar of Ashenzari.
  4663 | D:5      | Found an opulent altar of Gozag.
  4664 | D:5      | Found a blossoming altar of Fedhas.
  4664 | D:5      | Found a shadowy altar of Dithmenos.
  4664 | D:5      | Found a glowing golden altar of the Shining One.
  4665 | D:5      | Found an ancient bone altar of Kikubaaqudgha.
  4669 | D:5      | Found a glowing silver altar of Zin.
  4695 | D:5      | Became a worshipper of Gozag Ym Sagoz the Greedy
  4928 | D:5      | Reached skill level 9 in Summonings
  5075 | D:5      | Identified the +2 leather armour "Ehouh" {Will+}
  5571 | D:5      | Reached skill level 10 in Summonings
  5759 | D:5      | Reached skill level 1 in Fighting
  6067 | D:5      | Identified the +1 robe "Fobeaph" {rCorr Int+2}
  6237 | D:5      | Reached XP level 9. HP: 28/61 MP: 11/13
  6242 | D:5      | Learned a level 4 spell: Summon Lightning Spire
  6917 | D:5      | Reached skill level 1 in Ice Magic
  7170 | D:6      | Noticed Sigmund
  7183 | D:6      | Killed Sigmund
  7235 | D:6      | Noticed Edmund
  7236 | D:6      | Noticed a nameless horror
  7244 | D:6      | Killed a nameless horror
  7257 | D:6      | Killed Edmund
  7720 | D:6      | Reached skill level 5 in Dodging
  8077 | D:6      | Noticed Dowan
  8080 | D:6      | Noticed Duvessa
  8378 | D:6      | HP: 1/65 [something/ball of steam (16)]
  8378 | D:6      | Killed Dowan
  8662 | D:6      | Found a white marble altar of Elyvilon.
  8893 | D:6      | Found a snail-covered altar of Cheibriados.
  8980 | D:6      | Killed Duvessa
  9094 | D:7      | Found Qurphenn's Hallowed Reliquary.
  9096 | D:7      | Noticed an angel
  9106 | D:7      | Bought a potion of heal wounds for 60 gold pieces
  9311 | D:7      | Noticed Menkaure
  9318 | D:7      | Killed Menkaure
  9319 | D:7      | Reached skill level 5 in Fighting
  9319 | D:7      | Reached XP level 10. HP: 74/74 MP: 14/17
  9351 | D:7      | Found a radiant altar of Vehumet.
  9388 | D:7      | Found a staircase to the Ecumenical Temple.
  9400 | D:7      | Reached skill level 5 in Spellcasting
  9400 | D:7      | Reached skill level 5 in Ice Magic
  9405 | D:7      | Learned a level 4 spell: Summon Ice Beast
  9889 | D:8      | Noticed a two-headed ogre
  9894 | D:8      | Killed a two-headed ogre
 10028 | D:8      | Reached skill level 5 in Polearms
 10029 | D:8      | Reached skill level 5 in Hexes
 10059 | D:8      | Noticed a two-headed ogre
 10067 | D:8      | Killed a two-headed ogre
 10371 | D:8      | Reached skill level 1 in Throwing
 10371 | D:8      | Reached skill level 1 in Evocations
 10703 | D:9      | Reached XP level 11. HP: 79/79 MP: 16/18
 10723 | D:9      | Found a sacrificial altar of Ru.
 10759 | D:9      | Reached skill level 5 in Throwing
 11158 | D:9      | Found a staircase to the Orcish Mines.
 11248 | D:9      | Found a staircase to the Lair.
 11660 | D:10     | Entered Level 10 of the Dungeon
 11668 | D:10     | Noticed Sonja
 11753 | Lair:1   | Entered Level 1 of the Lair of Beasts
 11951 | D:10     | Identified the +1 leather armour "Azxecao" {MP+9}
 12250 | D:10     | Killed Sonja
 12562 | D:10     | Found a shimmering altar of Xom.
 12611 | D:10     | Noticed Erolcha
 12619 | D:10     | Killed Erolcha
 12807 | D:10     | Found Saif's Distillery.
 12823 | D:10     | Reached skill level 10 in Fighting
 12823 | D:10     | Reached XP level 12. HP: 72/97 MP: 21/21
 12895 | D:10     | Bought a potion of magic for 128 gold pieces
 12895 | D:10     | Bought a potion of haste for 160 gold pieces
 12895 | D:10     | Bought a potion of curing for 48 gold pieces
 12895 | D:10     | Bought 2 potions of magic for 256 gold pieces
 12895 | D:10     | Bought a potion of mutation for 128 gold pieces
 12939 | D:10     | Learned a level 5 spell: Summon Mana Viper
 13057 | D:3      | Noticed Natasha
 13066 | D:3      | Killed Natasha
 13079 | D:3      | Bought a sapphire potion for 22 gold pieces
 13079 | D:3      | Bought a sapphire potion for 22 gold pieces
 13079 | D:3      | Bought a bubbling orange potion for 22 gold pieces
 13079 | D:3      | Bought a scroll labelled IFFO METULUE for 25 gold pieces
 13079 | D:3      | Bought a scroll of enchant armour for 187 gold pieces
 13079 | D:3      | Bought a scroll labelled IFFO METULUE for 25 gold pieces
 13286 | D:11     | Noticed a catoblepas
 13397 | D:11     | Noticed a boulder beetle
 13418 | D:11     | Killed a boulder beetle
 13476 | D:11     | Noticed Grum
 13481 | D:11     | Reached skill level 11 in Summonings
 13486 | D:11     | Killed Grum
 13909 | D:11     | Paralysed by a hornet for 2 turns
 13989 | D:11     | Noticed Urug
 13999 | D:11     | Killed Urug
 14316 | D:11     | Killed a catoblepas
 14317 | D:11     | Reached skill level 12 in Summonings
 14340 | D:11     | Reached skill level 1 in Necromancy
 15054 | D:3      | Bought a +4 ring of protection for 468 gold pieces
 15275 | Lair:1   | Noticed a death yak
 15275 | Lair:1   | Noticed a death yak
 15289 | Lair:1   | Killed a death yak
 15298 | Lair:1   | Killed a death yak
 15303 | Lair:1   | Reached skill level 5 in Necromancy
 15669 | Lair:1   | Identified the +2 plate armour "Cagiurph" {Will++}
 15808 | Lair:1   | Reached XP level 13. HP: 103/103 MP: 17/22
 16628 | Lair:2   | Reached skill level 10 in Polearms
 16772 | Lair:2   | Reached skill level 13 in Summonings
 16807 | Lair:2   | Found a staircase to the Swamp.
 17228 | Lair:3   | Noticed Josephine
 17242 | Lair:3   | Killed Josephine
 17699 | Lair:3   | Found a staircase to the Snake Pit.
 18534 | Lair:4   | Found a staircase to the Slime Pits.
 18575 | Lair:4   | Reached skill level 14 in Summonings
 18606 | Lair:4   | Identified the +1 robe "Osicim" {rF- Str+3 Dex+3 SInv}
 18971 | Lair:5   | Entered Level 5 of the Lair of Beasts
 19432 | Lair:5   | Reached XP level 14. HP: 110/110 MP: 8/23
 20173 | Lair:5   | Noticed a dire elephant
 20182 | Lair:5   | Killed a dire elephant
 20395 | Lair:5   | Noticed a dire elephant
 20427 | Lair:5   | Reached skill level 15 in Summonings
 20501 | Lair:5   | Killed a dire elephant
 21185 | Lair:5   | Reached skill level 10 in Spellcasting
 21204 | Lair:5   | Learned a level 7 spell: Monstrous Menagerie
 21396 | Lair:5   | Learned a level 4 spell: Anguish
 21753 | D:12     | Found a gate leading to a gauntlet.
 21765 | Gauntlet | Entered a Gauntlet
 21765 | Gauntlet | Found a transporter.
 21775 | Gauntlet | Found a transporter.
 21790 | Gauntlet | Found a transporter.
 21795 | Gauntlet | Found a transporter.
 21815 | Gauntlet | Noticed a reaper
 21816 | Gauntlet | Found a transporter.
 21829 | Gauntlet | Found a transporter.
 21841 | Gauntlet | Found a transporter.
 21853 | Gauntlet | Found a transporter.
 21854 | Gauntlet | Noticed a dire elephant
 21865 | Gauntlet | Found a transporter.
 21877 | Gauntlet | Found a transporter.
 21894 | Gauntlet | Found a transporter.
 21909 | Gauntlet | Noticed a quicksilver ooze
 21912 | Gauntlet | Found a transporter.
 21914 | Gauntlet | Found a transporter.
 21939 | Gauntlet | Found a transporter.
 21941 | Gauntlet | Found a transporter.
 21961 | Gauntlet | Found a transporter.
 22039 | Gauntlet | Found a transporter.
 22059 | Gauntlet | Found a transporter.
 22183 | Gauntlet | Noticed a cyan very ugly thing
 22191 | Gauntlet | Noticed an ironbound thunderhulk
 22191 | Gauntlet | Noticed a brown very ugly thing
 22192 | Gauntlet | Reached XP level 15. HP: 83/115 MP: 4/29
 22302 | Gauntlet | Identified the +1 shadow dragon scales of the Stars {Int-3
                  | Dex+4 SInv Stlth++++}
 22733 | Gauntlet | Identified the ring of Lan Zua {Wiz rPois Str+5}
 22750 | Gauntlet | Identified the +3 kite shield of Snakes and Ladders {Int+3}
 22915 | Gauntlet | Identified the +7 rapier of Fuch {drain, rElec rN+}
 22916 | Gauntlet | Got the Exposition on Execration
 22919 | Gauntlet | Got the Quarto of the Shot and the Tesseract
 23229 | D:12     | Noticed Psyche
 23233 | D:12     | Killed Psyche
 23290 | D:12     | Reached skill level 1 in Shields
 24347 | Orc:1    | Entered Level 1 of the Orcish Mines
 24347 | Orc:1    | Noticed an orc warlord
 24351 | Orc:1    | Noticed Maurice
 24393 | D:9      | Killed an orc warlord
 24394 | D:9      | Reached skill level 10 in Dodging
 24595 | Orc:1    | Killed Maurice
 25051 | Orc:1    | Reached skill level 5 in Shields
 25194 | Orc:2    | Entered Level 2 of the Orcish Mines
 25304 | Orc:2    | Found a staircase to the Elven Halls.
 25305 | Orc:2    | Found Jarequc's Armour Boutique.
 25386 | Orc:2    | Found a shimmering blue altar of Sif Muna.
 26415 | Orc:2    | Noticed STHMFLV's ghost (journeyman DsEE)
 26450 | Orc:2    | Found a transporter.
 26471 | Orc:2    | Found a transporter.
 26671 | Orc:2    | Found Vesul's Antique Armour Shoppe.
 26671 | Orc:2    | Found Ohidwa's Armour Shoppe.
 26672 | Orc:2    | Found Leidon's Jewellery Shop.
 26672 | Orc:2    | Found Faythryrph's Jewellery Shop.
 26925 | Orc:2    | Killed STHMFLV's ghost
 27299 | Orc:2    | Bought a pair of runed gloves for 240 gold pieces
 27869 | D:13     | Found Tagafet's Book Emporium.
 27983 | D:13     | Reached skill level 10 in Shields
 28117 | D:13     | Reached XP level 16. HP: 122/122 MP: 10/30
 28529 | D:13     | Found a gate to the Vaults.
 29815 | D:15     | Entered Level 15 of the Dungeon
 29852 | D:15     | Noticed Nessos
 30015 | D:14     | Upgraded the game from 0.30-a0-852-g08b95dd62f to
                  | 0.30-a0-857-gcaf70739d4
 30199 | Snake:1  | Entered Level 1 of the Snake Pit
 30308 | Snake:1  | Found Paina's Book Boutique.
 30309 | Snake:1  | Found Uxatuski's General Store.
 30310 | Snake:1  | Found Buge's Magic Scroll Boutique.
 30310 | Snake:1  | Found Naenex's Book Boutique.
 30316 | Snake:1  | Bought a scroll of identify for 26 gold pieces
 30316 | Snake:1  | Bought a potion of attraction for 39 gold pieces
 30363 | Snake:1  | Bought a Fen Folio for 756 gold pieces
 30386 | Snake:1  | Bought a scroll of fear for 56 gold pieces
 30386 | Snake:1  | Bought a scroll of identify for 28 gold pieces
 30386 | Snake:1  | Bought a scroll of amnesia for 56 gold pieces
 30386 | Snake:1  | Bought a scroll of identify for 28 gold pieces
 30386 | Snake:1  | Bought a scroll of identify for 28 gold pieces
 30386 | Snake:1  | Bought a scroll of teleportation for 42 gold pieces
 30386 | Snake:1  | Bought a scroll of enchant armour for 105 gold pieces
 30386 | Snake:1  | Bought a scroll of teleportation for 42 gold pieces
 30995 | Snake:1  | Found Arerui Woigh's Distillery.
 30998 | Snake:1  | Bought a potion of degeneration for 14 gold pieces
 31037 | Snake:1  | Identified the +5 long sword of the Skies Above {flame, rC-
                  | rCorr Dex+4}
 31395 | Snake:1  | Bought a potion of heal wounds for 70 gold pieces
 31395 | Snake:1  | Bought a potion of magic for 112 gold pieces
 31395 | Snake:1  | Bought a potion of haste for 140 gold pieces
 31395 | Snake:1  | Bought a potion of mutation for 112 gold pieces
 33784 | Snake:3  | Found Nijuf's Book Shoppe.
 33784 | Snake:3  | Found Munoecw's Jewellery Shop.
 33785 | Snake:3  | Found Medduf's Jewellery Shop.
 33876 | Snake:3  | Reached XP level 17. HP: 125/128 MP: 22/32
 34166 | Snake:3  | Noticed Aizul
 34195 | Snake:3  | Killed Aizul
 34679 | Snake:3  | Found a glowing golden altar of the Shining One.
 35219 | Snake:4  | Entered Level 4 of the Snake Pit
 35229 | Snake:3  | Learned a level 5 spell: Summon Forest
 35326 | Snake:4  | Reached skill level 1 in Translocations
 37317 | Snake:4  | Got a serpentine rune of Zot
 37786 | D:13     | Bought a book of Death for 792 gold pieces
 37949 | Snake:1  | Bought a book of Unlife for 576 gold pieces
 38035 | Swamp:1  | Entered Level 1 of the Swamp
 38104 | Swamp:1  | Identified Roxanne's Handbook of Transmigration
 38104 | Swamp:1  | Noticed Roxanne
 38223 | Swamp:1  | Noticed Mlioglotl
 38242 | Swamp:1  | Killed Mlioglotl
 38243 | Swamp:1  | Reached XP level 18. HP: 114/134 MP: 6/36
 38540 | Swamp:1  | Noticed Donald
 38563 | Swamp:1  | Killed Donald
 38805 | Swamp:1  | Found a runed translucent door.
 39581 | Swamp:2  | Reached skill level 5 in Evocations
 40383 | Swamp:3  | Identified the amulet "Rec Huih" {rF+ Regen+}
 40739 | Swamp:3  | Noticed Kirke
 40746 | Swamp:3  | Killed Kirke
 41457 | Swamp:3  | Learned a level 7 spell: Haunt
 41463 | Swamp:3  | Learned a level 5 spell: Borgnjor's Vile Clutch
 41464 | Swamp:4  | Entered Level 4 of the Swamp
 41680 | Swamp:4  | Reached skill level 1 in Earth Magic
 42173 | Swamp:4  | Reached skill level 10 in Necromancy
 42433 | Swamp:4  | Reached XP level 19. HP: 132/140 MP: 17/37
 42786 | Swamp:4  | Reached skill level 15 in Spellcasting
 43214 | Swamp:4  | Got a decaying rune of Zot
 43549 | Snake:3  | Bought the amulet "Syvaefoc" {Contam rN+ Will+ Regen+
                  | Str+3} for 570 gold pieces
 43956 | Elf:1    | Entered Level 1 of the Elven Halls
 44050 | Elf:1    | Found a radiant altar of Vehumet.
 44056 | Elf:1    | Paralysed by an air elemental for 1 turns
 44060 | Elf:1    | Noticed Frances
 44061 | Elf:1    | Paralysed by an air elemental for 1 turns
 44066 | Elf:1    | Paralysed by an air elemental for 1 turns
 44078 | Elf:1    | Killed Frances
 44919 | Elf:1    | Found Fid Weug's Antique Armour Shop.
 45024 | Elf:1    | Found Uqilluj's One-of-a-Kind Books.
 45323 | Elf:1    | Noticed Azrael
 45347 | Elf:1    | Killed Azrael
 45478 | Elf:1    | Identified the +1 cloak of Pandemonium {Rampage *Corrode
                  | +Blink Regen+}
 45899 | Elf:1    | Reached skill level 5 in Earth Magic
 46193 | Elf:1    | Got the Spellbook of the Amalgamated Volley
 46664 | Elf:2    | Found Arhusi's Antique Armour Emporium.
 46664 | Elf:2    | Found Xirphat's Magic Scroll Shoppe.
 47077 | Elf:2    | Found Biedghoz's Antique Weapon Emporium.
 48100 | Elf:2    | Found a runed translucent gate.
 48101 | Elf:2    | Found a runed translucent gate.
 48101 | Elf:2    | Found a runed translucent gate.
 48238 | Elf:3    | Entered Level 3 of the Elven Halls
 48718 | Elf:3    | Reached skill level 16 in Summonings
 49521 | Elf:3    | Paralysed by an air elemental for 1 turns
 49523 | Elf:3    | Paralysed by an air elemental for 1 turns
 50026 | Elf:3    | Noticed Zenata
 50163 | Elf:2    | Learned a level 5 spell: Yara's Violent Unravelling
 50207 | Elf:3    | Reached skill level 1 in Transmutations
 50220 | Elf:3    | Found the +6 lightning scales {swift, rElec}
 50220 | Elf:3    | Found the +2 Maxwell's thermic engine {flame, freeze}
 50221 | Elf:3    | Shot with an arrow by a deep elf master archer

Illustrated notes

Levels and vault maps discovered:
D:1:      nicolae_arrival_washed_ashore, layout_basic, minmay_misc_feat_alley
D:2:      layout_basic, uniq_terence
D:3:      layout_loops_ring, serial_shops, shop, shop, nicolae_diamond_shop,
          nicolae_square_shop, portal_sewer_entry_f, basic_ecumenical_altar,
          uniq_jessica, uniq_grinder, uniq_natasha, uniq_ijyb,
          uniq_crazy_yiuf_cottage
D:4:      layout_basic, chequers_serial_rivers_micro_b
D:5:      layout_basic, minitemple, minmay_pentangle
D:6:      layout_basic, nicolae_elyvilon_temple_path, slow_altar_2, uniq_edmund,
          uniq_sigmund, uniq_duvessa
D:7:      layout_basic, mainiacjoe_overflow_six_doors_small,
          minmay_temple_entry_crystal_x, minivault_5, nicolae_good_shop,
          uniq_menkaure
D:8:      layout_basic, minmay_crystal_water
D:9:      layout_small_grid, hangedman_ru_absence, due_lair_maze_entry_diamond,
          orc_0_dummy, kennysheep_generic_room_15
D:10:     layout_rooms, led_xom_imps, serial_shops, nicolae_diamond_shop,
          uniq_sonja, uniq_erolcha
D:11:     nzn_motion_control, layout_stronghold, uniq_urug, uniq_grum
D:12:     layout_layer_cave, gauntlet_entry_generic,
          hangedman_abyss_or_decor_stagger, grunt_ogre_cave, uniq_psyche
D:13:     layout_small_grid, david_vaults_4, serial_shops, nicolae_shop_stone,
          kennysheep_potato
D:14:     layout_gridville, hangedman_abyss_or_decor_clamps
D:15:     hangedman_depths_entry_civil_slaughter, layout_stronghold,
          serial_park_tiny_2, nicolae_diode_quadrants, uniq_nessos, uniq_jorgrun
Lair:1:   layout_cellular_growth, grunt_megastairs_3
Lair:2:   layout_regular_city, minmay_swamp_entry_wisps
Lair:3:   layout_chaotic_city, dummy_snake_entry, serial_bayou_shore_a,
          grunt_megastairs_4, uniq_josephine
Lair:4:   layout_cave_shapes, slime_entry_1, lemuel_fruit_tree,
          infiniplex_staircase_pool_2, grunt_megastairs_5
Lair:5:   hangedman_lair_caniforms_friends, layout_gridlike,
          hangedman_lair_in_review, dreamdust_mushroom_princess
Swamp:1:  gammafunk_mikee_crab_dinner, layout_basic_swamp,
          hangedman_swamp_ruin_hall, swamp_pool4, hangedman_swamp_grove,
          uniq_roxanne, uniq_nikola, uniq_donald, uniq_mlioglotl
Swamp:2:  layout_basic_swamp, evilmike_swamp_ruin_house_6
Swamp:3:  nicolae_swamp_wrong_neighborhood, layout_falls_marsh,
          nicolae_swamp_well_well_well, uniq_kirke
Swamp:4:  swamp_basic_johnstein, layout_basic_swamp, swamp_pool4
Snake:1:  layout_honeycomb, serial_shops, nicolae_shop_trees,
          minmay_shop_grid_forest
Snake:2:  layout_basic, drop_trap
Snake:3:  layout_gridlike, basic_altar, minmay_shop_grove, uniq_aizul
Snake:4:  johnstein_snake_rune_scales, layout_rooms,
          nicolae_snake_guarding_the_ruins
Orc:1:    layout_caves, kennysheep_orc_chapel, uniq_maurice
Orc:2:    st_orc_elflike, layout_caves, gammafunk_ghost_berserking_beasts,
          basic_altar, serial_shops, shop, kennysheep_orc_sif_temple
Elf:1:    eino_elf_arrival_altar, layout_geoelf_grid, serial_shops,
          nicolae_shop_temple_entry_statues_fountains, minmay_elf_sorcery,
          nicolae_rare_books, nicolae_elf_m_pinch, einodemon_barbed_minivault,
          uniq_azrael, uniq_frances
Elf:2:    nicolae_elf_blades_crystal_corner, layout_geoelf_grid, serial_shops,
          nicolae_shop_stone, shop, shop, st_stairs_11, minivault_11
Elf:3:    minmay_elf_hall_statues, layout_geoelf_castle,
          minmay_misc_feat_columns, hangedman_elf_represent, uniq_zenata

Skill      XL: |  1  2  3  4  5  6  7  8  9 10 11 12 13 14 15 16 17 18 19 |
---------------+----------------------------------------------------------+-----
Stealth        | 3 |  3.0
Summonings     | 5 6 7 8 10 12 14 15 16 | 16.4
Hexes          | 2 3 5 |  5.0
Air Magic      | 2 3 |  3.0
Dodging        | 3 5 7 10 | 10.0
Fighting       | 1 5 10 | 10.0
Spellcasting   | 4 5 6 10 11 14 15 | 15.0
Ice Magic      | 4 5 |  5.0
Polearms       | 8 9 13 14 | 14.0
Throwing       | 3 6 |  6.0
Evocations     | 2 5 |  5.0
Necromancy     | 5 10 12 | 12.0
Shields        | 10 14 | 14.0
Translocations | 3 |  3.0
Earth Magic    | 3 5 |  5.0
Transmutations | 1 |  1.0

Action                     |  1- 3 |  4- 6 |  7- 9 | 10-12 | 13-15 | 16-18 | 19-21 || total
---------------------------+-------+-------+-------+-------+-------+-------+-------++-------
  Melee: Spear             |    45 |    50 |   145 |       |       |       |       ||   240
         Punch             |       |     1 |     2 |     3 |     3 |       |       ||     9
         Tailslap          |       |     1 |       |       |       |    19 |       ||    20
         Trident           |       |       |    44 |   114 |   358 |   415 |    18 ||   949
         Rapier            |       |       |       |       |       |       |    52 ||    52
  Throw: Dart              |       |       |       |     9 |     1 |       |       ||    10
   Cast: Summon Small Mamm |    34 |     7 |    10 |     2 |       |       |       ||    53
         Call Imp          |     9 |     8 |    26 |     6 |       |       |       ||    49
         Call Canine Famil |     3 |     9 |    52 |    47 |    54 |    38 |       ||   203
         Summon Guardian G |       |       |    19 |     6 |     3 |       |       ||    28
         Summon Lightning  |       |       |    22 |    65 |    98 |    68 |    11 ||   264
         Summon Ice Beast  |       |       |       |    39 |    78 |    62 |     3 ||   182
         Summon Mana Viper |       |       |       |    21 |    87 |    41 |     7 ||   156
         Monstrous Menager |       |       |       |       |   105 |   294 |   119 ||   518
         Anguish           |       |       |       |       |    23 |    18 |    12 ||    53
         Summon Forest     |       |       |       |       |       |    34 |     3 ||    37
         Borgnjor's Vile C |       |       |       |       |       |    14 |    76 ||    90
         Haunt             |       |       |       |       |       |     3 |     1 ||     4
         Yara's Violent Un |       |       |       |       |       |       |     5 ||     5
 Invoke: Potion Petition   |       |       |       |       |     3 |     3 |     3 ||     9
  Evoke: Wand              |       |       |     1 |       |       |       |       ||     1
         Lightning rod     |       |       |       |       |       |       |     3 ||     3
         Box of beasts     |       |       |       |       |       |       |     1 ||     1
    Use: Scroll            |       |     4 |     6 |     9 |    11 |    11 |     5 ||    46
         Potion            |       |       |     1 |       |     2 |       |     1 ||     4
   Stab: Distracted        |       |     1 |     6 |     8 |    13 |    20 |     2 ||    50
         Paralysed         |       |       |       |       |     4 |     1 |       ||     5
         Invisible         |       |       |       |       |     2 |       |       ||     2
         Sleeping          |       |       |       |       |       |     1 |       ||     1
 Armour: Robe              |     2 |    11 |    17 |    17 |   108 |    78 |    34 ||   267
  Dodge: Dodged            |    14 |    25 |    69 |    43 |   189 |   119 |    48 ||   507
  Block: Kite shield       |       |       |       |       |       |   180 |    63 ||   243

Table legend: (Time is in decaauts)
 A = Elapsed time spent in this place.
 B = Non-inter-level travel time spent in this place.
 C = Inter-level travel time spent in this place.
 D = Time resting spent in this place.
 E = Time spent auto-exploring this place.
 F = Levels seen in this place.
 G = Mean time per level.
                   A        B        C        D        E       F      G
               +--------+--------+--------+--------+--------+-----+--------+
         Total |  49556 |  45656 |   3900 |   7818 |  28738 |  35 | 1415.9 |
       Dungeon |  20019 |  18086 |   1933 |   2142 |  12608 |  15 | 1334.6 |
          Lair |   6850 |   6015 |    835 |    270 |   4406 |   5 | 1370.0 |
         Swamp |   4927 |   4763 |    164 |    548 |   3187 |   4 | 1231.8 |
     Snake Pit |   7202 |   6543 |    659 |   1403 |   3435 |   4 | 1800.5 |
  Orcish Mines |   2807 |   2577 |    230 |    395 |   1643 |   2 | 1403.5 |
   Elven Halls |   6277 |   6200 |     77 |   2489 |   2921 |   3 | 2092.3 |
         Sewer |    315 |    315 |      0 |    143 |    121 |   1 |  315.0 |
      Gauntlet |   1154 |   1154 |      0 |    427 |    416 |   1 | 1154.0 |
               +--------+--------+--------+--------+--------+-----+--------+

Top non-repeatable levels by time:
   Elf:1: 2864 daAuts
     D:5: 2682 daAuts
  Lair:5: 2423 daAuts
     D:9: 2139 daAuts
 Snake:4: 2098 daAuts
     D:6: 1991 daAuts
   Orc:2: 1938 daAuts
 Snake:3: 1920 daAuts
    D:11: 1827 daAuts
    D:12: 1800 daAuts
 Swamp:4: 1754 daAuts
   Elf:2: 1709 daAuts
   Elf:3: 1703 daAuts
 Snake:2: 1601 daAuts
 Snake:1: 1582 daAuts
